 Dungeon Crawl Stone Soup version 0.32-a0-543-gefe97123c3 (webtiles) character file.

Game seed: 12400861383653984880

1797112 EnegeticOcto the Purifying Ant (level 27, 214/214 HPs)
             Began as a Formicid Brigand on Feb 29, 2024.
             Was a High Priest of Elyvilon.
             Escaped with the Orb
             ... and 3 runes!
             The game lasted 02:13:24 (61543 turns).

EnegeticOcto the Purifying Ant (Formicid Brigand)  Turns: 61543, Time: 02:13:25

Health: 214/214    AC: 28    Str: 22    XL:     27
Magic:  31/31      EV: 31    Int: 10    God:    Elyvilon [*****.]
Gold:   3621       SH: 36    Dex: 33    Spells: 26/26 levels left

rFire   + + .        G - +9 triple sword (freeze)
rCold   + . .        X - +7 tower shield "Esmib" {rElec}
rNeg    + + +        W - +7 scale mail "Fuagoic" {Regen+ Int-3 Dex+5}
rPois   +            (helmet unavailable)
rElec   +            g - +2 cloak {rCorr}
rCorr   +            n - +2 pair of gloves of Virtue {rElec rC+ Str+2}
SInv    +            z - +1 pair of boots of Wonderful Birdsong {rF- rN++ Regen+}
Will    ++++.        S - amulet of Emaupuimpe {Faith rF+ Will++}
Stlth   +            N - ring "Tusivil" {rPois rF+ rN+ Dex+5}
HPRegen 2.95/turn    Z - ring of protection from fire
MPRegen 0.22/turn

%: faith
@: studying Polearms
A: permanent stasis, dig shafts and tunnels, antennae 3, four strong arms, claws
1, frail 1, low MP 2, regeneration 1, screaming 1, wild magic 1, no potion heal
1, inability to drink after injury 1
0: Orb of Zot
}: 3/15 runes: decaying, silver, gossamer
a: Dig, Shaft Self, Renounce Religion, Purification, Heal Other, Heal Self,
Divine Vigour


You escaped.
You worshipped Elyvilon.
Elyvilon was extremely pleased with you.
You visited 11 branches of the dungeon, and saw 51 of its levels.
You also visited: Wizlab.

You collected 9794 gold pieces.
You spent 6173 gold pieces at shops.

Inventory:

Hand Weapons
 F - a +4 great sword of freezing
   (You found it on level 4 of the Dungeon)
 G - a +9 triple sword of freezing (weapon)
   (You subdued it on level 2 of the Elven Halls)
Missiles
 e - 27 curare-tipped darts (quivered)
 l - 6 throwing nets {!f}
Armour
 g - a +2 cloak of preservation (worn)
   (You found it on level 5 of the Lair of Beasts)
 n - the +2 pair of gloves of Virtue (worn) {rElec rC+ Str+2}
   (You found it on level 12 of the Dungeon)

   Str+2:     It affects your strength (+2).
   rC+:       It protects you from cold.
   rElec:     It insulates you from electricity.
 z - the +1 pair of boots of Wonderful Birdsong (worn) {rF- rN++ Regen+}
   (You found it on level 4 of the Spider Nest)

   rF-:       It makes you vulnerable to fire.
   rN++:      It greatly protects you from negative energy.
   Regen+:    It increases your rate of health regeneration.
 I - the +3 pair of gauntlets of War {Slay+5}
   (You found it on level 5 of the Lair of Beasts)

   Slay+5:    It affects your accuracy & damage with ranged weapons and melee
   (+5).
 W - the +7 scale mail "Fuagoic" (worn) {Regen+ Int-3 Dex+5}
   (You bought it in a shop on level 3 of the Depths)

   Int-3:     It affects your intelligence (-3).
   Dex+5:     It affects your dexterity (+5).
   Regen+:    It increases your rate of health regeneration.
 X - the +7 tower shield "Esmib" (worn) {rElec}
   (You bought it in a shop on level 4 of the Depths)

   rElec:     It insulates you from electricity.
Jewellery
 p - a +6 ring of strength
   (You found it on level 13 of the Dungeon)
 r - a ring of flight
   (You found it on level 9 of the Dungeon)
 D - a +4 ring of protection
   (You took it off a deep elf death mage on level 5 of the Vaults)
 K - a ring of protection from cold
   (You found it on level 1 of the Lair of Beasts)
 N - the ring "Tusivil" (left hand) {rPois rF+ rN+ Dex+5}
   (You took it off a deep elf master archer on level 3 of the Elven Halls)

   [ring of positive energy]

   Dex+5:     It affects your dexterity (+5).
   rF+:       It protects you from fire.
   rPois:     It protects you from poison rN+: It protects you from negative
   energy.
 O - a +4 ring of protection
   (You found it on level 4 of the Realm of Zot)
 Q - a +5 ring of evasion
   (You took it off a deep elf blademaster on level 3 of the Elven Halls)
 S - the amulet of Emaupuimpe (around neck) {Faith rF+ Will++}
   (You found it on level 3 of the Spider Nest)

   [amulet of faith]

   Faith:     It allows you to gain divine favour quickly.
   rF+:       It protects you from fire.
   Will++:    It greatly increases your willpower.
 Z - a ring of protection from fire (right hand)
   (You found it on level 11 of the Dungeon)
Wands
 a - a wand of polymorph (21)
   (You found it on level 6 of the Dungeon)
 c - a wand of acid (7) {@v1}
   (You found it on level 2 of the Swamp)
 f - a wand of mindburst (22)
   (You found it on level 3 of the Depths)
 q - a wand of charming (55)
   (You found it on level 6 of the Dungeon)
 A - a wand of flame (103) {@v4}
   (You took it off Ijyb on level 4 of the Dungeon)
 E - a wand of digging (34) {@v3}
   (You found it on level 1 of the Spider Nest)
 P - a wand of iceblast (63) {@v2}
   (You found it on level 2 of the Lair of Beasts)
Scrolls
 k - 2 scrolls of revelation {@r5 !r}
 m - 3 scrolls of butterflies {!r}
 o - 3 scrolls of fear {!r}
 w - 6 scrolls of enchant armour
 x - 12 scrolls of immolation
 y - 10 scrolls of fog {!r}
 H - 10 scrolls of vulnerability
 J - 2 scrolls of silence {!r}
 L - 2 scrolls of enchant weapon
 V - 5 scrolls of poison {!r}
Potions
 b - 13 potions of heal wounds {@q2 !q}
 d - 12 potions of ambrosia
 h - 7 potions of cancellation
 j - 23 potions of curing {@q1 !q}
 s - 4 potions of magic
 t - 14 potions of mutation
 u - 9 potions of attraction
 v - 7 potions of enlightenment
 B - 3 potions of invisibility
 M - 12 potions of brilliance
 R - 6 potions of might {@q3 !q}
 T - 3 potions of resistance
 U - 12 potions of lignification {@q6}
Miscellaneous
 i - a phial of floods
   (You found it on level 13 of the Dungeon)
 C - a phantom mirror (inert)
   (You found it on level 14 of the Dungeon)


   Skills:
 - Level 24.0 Fighting
 - Level 4.5(16.4) Short Blades
 - Level 23.8(24.0) Long Blades
 - Level 2.0 Throwing
 - Level 19.0 Armour
 + Level 19.2 Dodging
 - Level 5.0 Stealth
 - Level 24.0 Shields
 - Level 24.0 Invocations
 - Level 14.0 Evocations


You had 26 spell levels left.
You didn't know any spells.
Your spell library contained the following spells:

 Spells                   Type           Power      Damage    Failure   Level
 Apportation              Tloc           0%         N/A       73%         1
 Foxfire                  Conj/Fire      0%         2x1d4     73%         1
 Freeze                   Ice            0%         1d3       73%         1
 Kiss of Death            Conj/Necr      0%         2d5       73%         1
 Sandblast                Erth           0%         2d4       73%         1
 Call Imp                 Summ           0%         N/A       85%         2
 Jinxbite                 Hex            0%         N/A       85%         2
 Lesser Beckoning         Tloc           0%         N/A       85%         2
 Mercury Vapours          Alch/Air       0%         N/A       85%         2
 Momentum Strike          Conj/Tloc      0%         3d8       85%         2
 Static Discharge         Conj/Air       0%         3-3/arc   85%         2
 Sublimation of Blood     Necr           0%         N/A       85%         2
 Call Canine Familiar     Summ           0%         N/A       97%         3
 Confusing Touch          Hex            0%         N/A       97%         3
 Dazzling Flash           Conj/Hex       0%         N/A       97%         3
 Frozen Ramparts          Ice            0%         1d1       97%         3
 Gell's Gravitas          Tloc           0%         N/A       97%         3
 Hailstorm                Conj/Ice       0%         3d5       97%         3
 Inner Flame              Hex/Fire       0%         N/A       97%         3
 Mephitic Cloud           Conj/Alch/Air  0%         N/A       97%         3
 Passwall                 Erth           0%         N/A       97%         3
 Sigil of Binding         Hex            0%         N/A       97%         3
 Stone Arrow              Conj/Erth      0%         3d7       97%         3
 Teleport Other           Tloc           0%         N/A       97%         3
 Tukima's Dance           Hex            0%         N/A       97%         3
 Volatile Blastmotes      Fire/Tloc      0%         2d10      97%         3
 Airstrike                Air            0%         2d(0-16)  100%        4
 Anguish                  Hex/Necr       0%         N/A       100%        4
 Animate Armour           Summ/Erth      0%         N/A       100%        4
 Brom's Barrelling Bould  Conj/Erth      0%         2d3       100%        4
 Cause Fear               Hex            0%         N/A       100%        4
 Dimensional Bullseye     Hex/Tloc       0%         N/A       100%        4
 Dispel Undead            Necr           0%         3d6       100%        4
 Iskenderun's Mystic Bla  Conj/Tloc      0%         2d3       100%        4
 Leda's Liquefaction      Alch/Erth      0%         N/A       100%        4
 Martyr's Knell           Necr/Summ      0%         N/A       100%        4
 Olgreb's Toxic Radiance  Alch           0%         N/A       100%        4
 Petrify                  Alch/Erth      0%         N/A       100%        4
 Sticky Flame             Fire/Alch      0%         2d4       100%        4
 Summon Lightning Spire   Summ/Air       0%         N/A       100%        4
 Alistair's Intoxication  Alch           0%         N/A       100%        5
 Arcjolt                  Conj/Air       0%         1d10      100%        5
 Borgnjor's Vile Clutch   Necr/Erth      0%         N/A       100%        5
 Curse of Agony           Necr           0%         N/A       100%        5
 Fireball                 Conj/Fire      0%         3d3       100%        5
 Freezing Cloud           Conj/Ice/Air   0%         6-21      100%        5
 Irradiate                Conj/Alch      0%         3d11      100%        5
 Iskenderun's Battlesphe  Conj           0%         2d6       100%        5
 Lee's Rapid Deconstruct  Erth           0%         3d4*      100%        5
 Metabolic Englaciation   Hex/Ice        0%         N/A       100%        5
 Silence                  Hex/Air        0%         N/A       100%        5
 Yara's Violent Unravell  Hex/Alch       0%         3d3       100%        5
 Bombard                  Conj/Erth      0%         9d1       100%        6
 Eringya's Noxious Bog    Alch           0%         4d6       100%        6
 Plasma Beam              Fire/Air       0%         2x1d10    100%        6
 Starburst                Conj/Fire      0%         6d3       100%        6
 Enfeeble                 Hex            0%         N/A       100%        7
 Malign Gateway           Summ/Tloc      0%         N/A       100%        7
 Ozocubu's Refrigeration  Ice            0%         4d7       100%        7
 Spellforged Servitor     Conj/Summ      0%         N/A       100%        7
 Summon Hydra             Summ           0%         N/A       100%        7
 Discord                  Hex            0%         N/A       100%        8
 Ignition                 Fire           0%         3d3       100%        8
 Lehudib's Crystal Spear  Conj/Erth      0%         10d2      100%        8
 Maxwell's Capacitive Co  Air            0%         ∞         100%        8
 Chain Lightning          Conj/Air       0%         N/A       100%        9
 Fire Storm               Conj/Fire      0%         5d1       100%        9
 Shatter                  Erth           0%         3d5*      100%        9
 Blink                    Tloc           Unusable   N/A       N/A         2
 Vhi's Electric Charge    Tloc/Air       Unusable   N/A       N/A         4

Dungeon Overview and Level Annotations

Branches:
Dungeon (15/15)            Temple (1/1) D:4            Lair (5/5) D:11
  Swamp (4/4) Lair:2       Spider (4/4) Lair:3        Slime (0/5) Lair:5
    Orc (2/2) D:11            Elf (3/3) Orc:2        Vaults (5/5) D:13
  Crypt (3/3) Vaults:2       Tomb (0/3) Crypt:3      Depths (4/4) D:15
    Zot (5/5) Depths:4     WizLab (visited)

Altars:
Ashenzari
Cheibriados
Dithmenos
Elyvilon
Fedhas
Gozag
Hepliaklqana
Kikubaaqudgha
Makhleb
Nemelex Xobeh
Okawaru
Qazlal
Ru
Sif Muna
Trog
Uskayaw
Vehumet
Wu Jian
Xom
Yredelemnul
Zin
The Shining One
Beogh

Shops:
D:5 :   D:15 [   Orc:2 :*([   Elf:3 :=?*   Vaults:1 *   Vaults:4 =   Depths:1 ?
Depths:2 !?   Depths:3 *   Depths:4 *

Portals:
Hell: Depths:1 Depths:2 Depths:3 Depths:4
Abyss: Depths:3
Pandemonium: Depths:2
Ziggurat: Depths:1

Annotations:
Swamp:3 Mara
Elf:2 Roxanne
Zot:5 1 exclusion


Innate Abilities, Weirdness & Mutations

You cannot be hasted, slowed, berserked, paralysed or teleported.
You can dig through walls and to a lower floor.
You have a pair of large antennae on your head. (SInv)
Your four strong arms can wield two-handed weapons with a shield.
You have sharp fingernails.
You are frail. (-10% HP)
Your magical capacity is very low. (-20% MP)
Your natural rate of healing is unusually fast.
You occasionally shout uncontrollably at your foes.
Your spells are a little harder to cast, but a little more powerful.
Potions are less effective at restoring your health.
You occasionally lose the ability to drink potions when taking damage.


Message History

No target in view!
(D) Dungeon (T) Temple (L) Lair (S) Swamp (N) Spider Nest (M) Slime Pits (O) Orcish Mines (E) Elven Halls (V) Vaults (C) Crypt (W) Tomb (U) Depths (H) Hell (Z) Zot
Where to? (Tab/Enter - D:1 @ (x,y), ? - help)
An Orb Guardian comes into view.
Unknown command.
Unknown command.
The Orb Guardian moves out of view.
You see here a +0 robe.
You see here an iguana skeleton.
There is a stone staircase leading up, spattered with blood here.
You climb upwards.
There is a stone staircase leading down here.
(D) Dungeon (T) Temple (L) Lair (S) Swamp (N) Spider Nest (M) Slime Pits (O) Orcish Mines (E) Elven Halls (V) Vaults (C) Crypt (W) Tomb (U) Depths (H) Hell (Z) Zot
Where to? (Tab/Enter - D:1 @ (x,y), ? - help)
You sense a monster nearby.
Unknown command.
Unknown command.
A balrug and a sun demon come into view.
The balrug is wielding a +2 demon whip of draining.
The balrug shouts!
The sun demon shouts! 2 sun demons come into view.
The sun demon shouts!
The balrug gestures at you. Something smites you!
There is a stone staircase leading up here.
You climb upwards.
There is a stone staircase leading down here.
You chop the sun demon into pieces!!! You freeze the sun demon!
The sun demon is almost dead.
The sun demon hits you but does no damage.
You slice the sun demon!! You freeze the sun demon.
You kill the sun demon!
No target in view!
(D) Dungeon (T) Temple (L) Lair (S) Swamp (N) Spider Nest (M) Slime Pits (O) Orcish Mines (E) Elven Halls (V) Vaults (C) Crypt (W) Tomb (U) Depths (H) Hell (Z) Zot
Where to? (Tab/Enter - D:1 @ (x,y), ? - help) HP restored.
There is a stone staircase leading up here.
You climb upwards.
There is a stone staircase leading down here.
An Orb Guardian comes into view.
Unknown command.
You block the Orb Guardian's attack.
You see here a ball python skeleton.
You slash the Orb Guardian! You freeze the Orb Guardian.
The Orb Guardian is lightly wounded.
You block the Orb Guardian's attack.
You cut the Orb Guardian into ribbons!!!
You freeze the Orb Guardian.
You kill the Orb Guardian!
No target in view!
(D) Dungeon (T) Temple (L) Lair (S) Swamp (N) Spider Nest (M) Slime Pits (O) Orcish Mines (E) Elven Halls (V) Vaults (C) Crypt (W) Tomb (U) Depths (H) Hell (Z) Zot
Where to? (Tab/Enter - D:1 @ (x,y), ? - help)
The orc shouts!
Unknown command.
Unknown command.
You block the orc's attack.
You slice the orc!! You freeze the orc.
You kill the orc!
No target in view!
Things that are here:
a +0 whip; an orc corpse
(D) Dungeon (T) Temple (L) Lair (S) Swamp (N) Spider Nest (M) Slime Pits (O) Orcish Mines (E) Elven Halls (V) Vaults (C) Crypt (W) Tomb (U) Depths (H) Hell (Z) Zot
Where to? (Tab/Enter - D:1 @ (x,y), ? - help)
There is a stone staircase leading up here.
You climb upwards.
There is a stone staircase leading down here.
You see here a rat skeleton.
You see here a jackal skeleton.
You yell at the ancient lich!
An ancient lich and a reaper come into view.
The reaper is wielding a +2 scythe of flaming.
Unknown command.
The ancient lich shouts!
The reaper moves out of view.
There is a stone staircase leading up here.
You climb upwards.
There is a stone staircase leading down here.
(D) Dungeon (T) Temple (L) Lair (S) Swamp (N) Spider Nest (M) Slime Pits (O) Orcish Mines (E) Elven Halls (V) Vaults (C) Crypt (W) Tomb (U) Depths (H) Hell (Z) Zot
Where to? (Tab/Enter - D:1 @ (x,y), ? - help)
Okay, then.
There is a staircase leading out of the dungeon here.
You have escaped!

#.#.# ####.#.####.# #.#
#.#.###...........## #.#
#.#.##...#.#.#..#..## #.#
#.#........#...#.#..###### #.#
#.####........#...#......# #.#
....###..#####.....#####.# #.#
..........#...........#..###.####
....#####..#.........#.....#.....
...........#....@....#..##.#.....
....###...#...........#..#(#.÷P♣♣
.....###.#####.....#####......P♣
.....# #......#...#............♣♣
####.# ##..#...#.#..##.........).
#.# #.##....#..####.>.......÷
####.# #.##.##...##..[........P.
.....# #......##.............P♣♣
###### #.####.##.##..........P♣


There were no monsters in sight!

Vanquished Creatures
  4 dread liches
  3 ancient liches
  5 orbs of fire
  A juggernaut (Zot:1)
  Boris (thrice) (Vaults:2 D:15 Depths:4)
  2 Killer Klowns (Zot:5)
  Vv (Depths:4)
  2 curse toes
  Jory (Vaults:2)
  11 golden dragons
  A bone dragon (Depths:4)
  3 electric golems
  18 tentacled monstrosities
  2 doom hounds (Depths:4)
  A walking divine tome (Depths:2)
  Grunn (Depths:4)
  9 liches
  A walking earthen tome (WizLab)
  The ghost of SkaryMonk the Severer, an adept CoGl of Qazlal (Spider:4)
  3 titans
  26 Orb Guardians
  5 sphinxes
  2 quicksilver dragons
  3 deep elf blademasters (Elf:3)
  3 deep elf master archers (Elf:3)
  6 acid blobs (Zot:2)
  6 death cobs
  Agnes (Orc:2)
  3 ancient champions
  The ghost of Necromancer21 the Fencer, an adept CoGl of Okawaru (Spider:3)
  10 storm dragons
  Frances (D:12)
  2 thorn hunters
  14 shadow dragons
  8 tengu reavers
  2 strange machines (WizLab)
  2 fenstrider witches
  6 revenants
  A daeva (Zot:4)
  8 fire giants
  3 protean progenitors
  10 draconian knights
  11 deep elf sorcerers
  9 emperor scorpions
  7 draconian monks
  16 vault wardens
  A balrug (Depths:4)
  8 frost giants
  3 spectral juggernauts
  7 draconian shifters
  6 deep elf elementalists
  5 spectral caustic shrikes
  Louise (Swamp:4)
  7 draconian scorchers
  An iron dragon (Vaults:5)
  8 ghost moths
  6 ghouls
  A caustic shrike zombie (Depths:3)
  5 curse skulls
  9 draconian stormcallers
  4 orc warlords
  11 very ugly things
  2 formless jellyfish (Vaults:4)
  18 ironbound preservers
  6 ironbound thunderhulks
  3 broodmothers
  3 juggernaut skeletons
  12 green draconians
  4 draconian annihilators
  6 deep elf death magi
  Nessos (D:15)
  5 eleionomae
  17 black draconians
  3 deep elf demonologists
  9 deep elf annihilators
  13 dire elephants
  11 stone giants
  6 vampire knights
  Azrael (D:15)
  A lorocyproca (D:15)
  18 purple draconians
  3 war gargoyles
  15 white draconians
  6 spark wasps
  10 bunyips
  23 yellow draconians
  7 ettins
  6 red draconians
  6 fire dragons
  5 eidola
  A merfolk impaler (Depths:2)
  2 merfolk javelineers (Depths:2)
  10 jiangshi
  19 yaktaur captains
  2 entropy weavers
  7 great orbs of eyes
  A spectral golden dragon (Depths:3)
  32 vault guards
  21 hydras
  2 spriggan air magi
  11 rakshasas
  2 caustic shrike simulacra (Depths:3)
  6 ice dragons
  3 hell beasts
  7 deep elf high priests
  A spectral shadow dragon (Crypt:3)
  8 centaur warriors
  A peacekeeper (Vaults:3)
  A jorogumo (Spider:4)
  2 ogre magi
  2 anacondas (Zot:3)
  A juggernaut simulacrum (Depths:3)
  3 ghost crabs
  A catoblepas (Lair:4)
  5 two-headed ogres
  45 dancing weapons
  7 radroaches
  A merfolk avatar (Lair:5)
  A sphinx skeleton (Depths:3)
  7 alligators
  6 ironbound frosthearts
  4 death knights
  5 boulder beetles
  A death scarab (Spider:3)
  6 death yaks (Lair:5)
  3 orc high priests
  14 demonic crawlers
  4 hell hogs
  5 deep troll shamans
  5 tengu warriors
  12 hell knights
  8 deep troll earth magi
  4 spriggan berserkers (Depths:3)
  A titan zombie (Vaults:4)
  8 sun demons
  7 vampire magi
  2 occultists (Depths:3)
  Nergalle (Orc:2)
  18 deep elf knights
  A spectral naga (Crypt:3)
  A storm dragon zombie (Crypt:1)
  5 pharaoh ants
  22 shadow wraiths
  2 spectral spark wasps (Spider:3)
  A soul eater (Crypt:1)
  A sixfirhy (Depths:2)
  6 goliath frogs
  16 flayed ghosts
  2 iron trolls
  A death drake (Swamp:4)
  44 deep trolls
  2 storm dragon skeletons
  2 glowing orange brains
  Lodul (D:12)
  An iron giant zombie (Crypt:3)
  15 skeletal warriors
  A spectral ghost moth (Spider:3)
  A sun moth (Spider:3)
  3 mana vipers (Zot:4)
  11 orb spiders
  2 arcanists (Vaults:4)
  2 spriggan druids
  18 bog bodies
  16 deep elf archers
  12 swamp dragons
  A glowing orange brain (shapeshifter) (D:15)
  A spectral hydra (Crypt:3)
  17 ironbound convokers
  A golden dragon skeleton (Depths:3)
  An anaconda skeleton (Crypt:1)
  A shadow demon (Zot:5)
  An obsidian statue (Zot:5)
  6 lindwurms
  5 steelbarb worms
  9 necromancers
  A bunyip skeleton (Crypt:1)
  33 deep elf pyromancers
  27 phantasmal warriors
  2 steelbarb worms (shapeshifter) (Depths:2)
  2 harpies (shapeshifter)
  8 orc knights
  A stone giant zombie (Depths:1)
  26 wolf spiders
  4 cyclopes
  23 harpies
  An oklob plant (Zot:2)
  28 moths of wrath
  23 deep elf zephyrmancers
  3 thermic dynamos
  6 orc sorcerers
  3 manticores
  5 will-o-the-wisps
  21 ugly things
  2 salamanders (Depths:1)
  11 vault sentinels
  4 meliai
  6 black mambas
  A centaur zombie (Crypt:1)
  7 elephants (Lair:5)
  A rust devil (Depths:2)
  2 kobold blastminers
  2 titan simulacra
  3 iron dragon skeletons (Crypt:3)
  3 smoke demons
  A stone giant skeleton (Depths:1)
  A centaur skeleton (Crypt:1)
  2 fire giant skeletons
  A gargoyle (D:12)
  8 torpor snails
  11 cane toads
  3 rime drakes
  2 unseen horrors
  A hellion (Depths:2)
  A spark wasp simulacrum (Spider:3)
  An anaconda simulacrum (Crypt:1)
  A red draconian zombie (Crypt:1)
  An ice devil (Zot:5)
  2 unseen horror skeletons
  A human skeleton (Vaults:1)
  3 golden dragon simulacra (Depths:3)
  8 komodo dragons
  17 freezing wraiths
  14 yaktaurs
  A yaktaur skeleton (Vaults:4)
  4 efreet
  2 tengu conjurers
  A spectral harpy (Crypt:3)
  3 ghost moth simulacra (Spider:3)
  3 polar bears
  A queen bee (shapeshifter) (D:14)
  7 trolls
  A tengu simulacrum (Depths:3)
  12 tyrant leeches
  4 guardian mummies (Crypt:3)
  A hellwing (Zot:4)
  An iron troll skeleton (Crypt:3)
  Prince Ribbit (D:6)
  17 hornets
  A jorogumo simulacrum (Spider:3)
  2 harpy skeletons (Crypt:1)
  A guardian serpent zombie (Crypt:1)
  48 tarantellas
  Grinder (D:6)
  A snapping turtle (Lair:5)
  2 raiju (shapeshifter)
  17 blink frogs (Lair:5)
  36 slime creatures
  6 dream sheep (Lair:5)
  28 jumping spiders
  A slime creature (shapeshifter) (Vaults:5)
  3 air elementals
  10 shadows
  8 wyverns
  A fire dragon skeleton (Crypt:1)
  19 culicivoras
  An ettin skeleton (Depths:1)
  16 spriggans
  5 fire elementals
  An elf simulacrum (Vaults:1)
  15 water elementals
  17 wraiths
  70 yaks
  Eustachio (D:4)
  2 culicivoras (shapeshifter)
  2 vampires
  6 basilisks
  A wind drake skeleton (Crypt:1)
  A yak (shapeshifter) (D:13)
  An alligator snapping turtle simulacrum (Crypt:1)
  3 wargs
  73 redbacks
  4 steam dragons
  A yaktaur simulacrum (Vaults:4)
  2 fire bat zombies (Crypt:3)
  2 glowing shapeshifter zombies
  3 vampire mosquitoes (Swamp:1)
  9 swamp worms
  A two-headed ogre zombie (D:11)
  3 hell hounds (D:15)
  3 acid dragons
  9 water moccasins
  A faun skeleton (Crypt:2)
  A naga skeleton (Crypt:1)
  7 swamp drakes (Swamp:4)
  An ice beast (shapeshifter) (D:13)
  36 orc warriors
  15 laughing skulls
  2 sky beasts (D:7)
  A radroach simulacrum (Spider:3)
  4 ice beasts
  19 ogres
  8 boggarts
  10 centaurs
  24 wolves
  A crocodile (Orc:2)
  A swamp dragon skeleton (Crypt:3)
  A manticore skeleton (Crypt:1)
  A phantom (D:5)
  9 weeping skulls (Crypt:3)
  A komodo dragon zombie (Crypt:2)
  10 bullfrogs
  2 gnoll sergeants
  5 scorpions
  3 earth elementals
  A glowing shapeshifter simulacrum (Depths:3)
  A draconian skeleton (Crypt:2)
  12 wights
  A troll zombie (D:11)
  A human simulacrum (Vaults:1)
  5 electric eels
  6 howler monkeys
  A polar bear skeleton (Crypt:1)
  5 bombardier beetles
  A black bear zombie (Crypt:2)
  7 hounds
  A gnoll bouda (D:7)
  19 jellies
  20 orc priests
  2 sleepcaps
  7 iguanas
  Terence (D:2)
  Jessica (D:11)
  Ijyb (D:4)
  29 orc wizards
  10 hell rats (Lair:4)
  A killer bee zombie (Crypt:3)
  6 ogre zombies (D:11)
  A crocodile skeleton (Crypt:1)
  17 gnolls
  A steam dragon zombie (Crypt:2)
  9 adders
  2 white imps
  An ufetubus (D:5)
  A jelly zombie (Crypt:2)
  2 dart slugs
  3 ribbon worms
  85 orcs
  6 bats
  6 endoplasms
  4 giant cockroaches
  2 gnoll zombies (D:11)
  10 goblins
  8 hobgoblins
  8 jackals
  2 quokkas (D:4)
  8 ball pythons
  2 frilled lizards (D:2)
  3 gnoll skeletons (D:11)
  8 kobolds
  A kobold skeleton (Crypt:1)
  5 orc skeletons (D:11)
  15 orc zombies (D:11)
  6 rats
  An aspiring flesh (Zot:3)
2453 creatures vanquished.

Vanquished Creatures (collateral kills)
  A pandemonium lord (Zot:5)
  A soul eater (Zot:5)
2 creatures vanquished.

Vanquished Creatures (others)
  4 deep elf knights
  A sixfirhy (Zot:5)
  4 bloated husks
  A hornet (Swamp:1)
  A ynoxinul (D:8)
  A water elemental (Elf:2)
  A chaos spawn (D:8)
  2 swamp worms (Swamp:1)
  A swamp drake (Swamp:2)
  2 boggarts (Vaults:1)
  24 foxfires
42 creatures vanquished.

Grand Total: 2497 creatures vanquished

Notes
Turn   | Place    | Note
-------+----------+-------------------------------------------
     0 | D:1      | EnegeticOcto the Formicid Brigand began the quest for the
                  | Orb.
     0 | D:1      | Reached XP level 1. HP: 16/16 MP: 1/1
   120 | D:1      | Reached skill level 5 in Stealth
   435 | D:1      | Reached XP level 2. HP: 22/23 MP: 2/2
   790 | D:2      | Reached XP level 3. HP: 28/28 MP: 3/3
   831 | D:2      | Reached skill level 3 in Fighting
   946 | D:2      | Noticed Terence
  1353 | D:2      | Reached skill level 3 in Short Blades
  1353 | D:2      | Reached XP level 4. HP: 32/35 MP: 4/4
  1540 | D:2      | Killed Terence
  1730 | D:2      | Reached skill level 4 in Fighting
  1730 | D:2      | Reached XP level 5. HP: 33/42 MP: 5/5
  1894 | D:3      | Reached skill level 4 in Short Blades
  2120 | D:3      | Identified the amulet "Rongauhez" {RegenMP rC+ rCorr}
  2197 | D:3      | Found an ornate altar of the Wu Jian Council.
  2407 | D:4      | Found a staircase to the Ecumenical Temple.
  2413 | D:4      | Noticed Ijyb
  2416 | Temple   | Entered the Ecumenical Temple
  2426 | Temple   | Reached XP level 6. HP: 40/49 MP: 6/6
  2474 | Temple   | Became a worshipper of Elyvilon the Healer
  2507 | D:4      | Killed Ijyb
  2573 | D:4      | Reached skill level 5 in Fighting
  2814 | D:4      | Reached skill level 1 in Long Blades
  2928 | D:4      | Reached XP level 7. HP: 56/56 MP: 7/7
  3139 | D:4      | Identified the +0 leather armour of Qazituhu {Str+4 Dex+3}
  3233 | D:4      | Reached skill level 2 in Long Blades
  3358 | D:5      | Entered Level 5 of the Dungeon
  3400 | D:5      | Reached skill level 6 in Fighting
  3421 | D:5      | Noticed Eustachio
  3480 | D:4      | Reached skill level 3 in Long Blades
  3527 | D:4      | Killed Eustachio
  3528 | D:4      | Reached XP level 8. HP: 53/65 MP: 8/8
  3619 | D:4      | Reached skill level 4 in Long Blades
  3695 | D:5      | Reached skill level 7 in Fighting
  3719 | D:5      | Found Zouschemu's Book Boutique.
  3731 | D:5      | Found a shimmering blue altar of Sif Muna.
  3947 | D:5      | Reached skill level 5 in Long Blades
  3995 | D:5      | Reached * piety under Elyvilon
  4347 | D:5      | Reached skill level 8 in Fighting
  4530 | D:5      | Reached XP level 9. HP: 74/75 MP: 9/9
  4727 | D:5      | Reached skill level 6 in Long Blades
  4828 | D:5      | Reached skill level 9 in Fighting
  5070 | D:5      | Reached skill level 7 in Long Blades
  5307 | D:6      | Noticed Prince Ribbit
  5607 | D:6      | Killed Prince Ribbit
  5608 | D:6      | Reached skill level 10 in Fighting
  5704 | D:6      | Reached skill level 1 in Armour
  5863 | D:6      | Identified the +2 hand axe of the Living Dead {elec, Dex+4}
  5870 | D:6      | Noticed Grinder
  5877 | D:6      | Killed Grinder
  5878 | D:6      | Reached skill level 8 in Long Blades
  5878 | D:6      | Reached skill level 2 in Armour
  5878 | D:6      | Reached XP level 10. HP: 85/85 MP: 10/10
  6448 | D:7      | Reached skill level 1 in Invocations
  6448 | D:7      | Reached skill level 1 in Evocations
  6547 | D:7      | Reached ** piety under Elyvilon
  6643 | D:7      | Reached skill level 3 in Armour
  6643 | D:7      | Reached skill level 2 in Invocations
  6663 | D:7      | Reached skill level 2 in Evocations
  6883 | D:7      | Gained mutation: You have sharp fingernails. [potion of
                  | mutation]
  6883 | D:7      | Gained mutation: You have hidden genetic potential. [potion
                  | of mutation]
  6887 | D:7      | Reached skill level 3 in Invocations
  7276 | D:8      | Found a stormy altar of Qazlal.
  7278 | D:8      | Found a blossoming altar of Fedhas.
  7453 | D:7      | Reached skill level 4 in Armour
  7453 | D:7      | Reached skill level 3 in Evocations
  7683 | D:8      | Reached skill level 9 in Long Blades
  7683 | D:8      | Reached skill level 4 in Invocations
  7930 | D:8      | Reached skill level 4 in Evocations
  7953 | D:8      | Reached skill level 5 in Invocations
  8076 | D:8      | Found a shadowy altar of Dithmenos.
  8219 | D:8      | Reached XP level 11. HP: 74/90 MP: 15/15
  8537 | D:9      | Reached *** piety under Elyvilon
  8835 | D:9      | Reached skill level 6 in Invocations
  8931 | D:9      | Reached skill level 10 in Long Blades
  8958 | D:9      | Gained mutation: Your spells are a little harder to cast,
                  | but a little more powerful. [hidden potential]
  9000 | D:8      | Reached skill level 7 in Invocations
  9818 | D:9      | Reached skill level 8 in Invocations
  9935 | D:10     | Entered Level 10 of the Dungeon
 10363 | D:10     | Reached skill level 1 in Dodging
 10498 | D:10     | Reached **** piety under Elyvilon
 10862 | D:11     | Found a staircase to the Lair.
 11055 | D:11     | Reached skill level 2 in Dodging
 11371 | D:11     | Reached skill level 11 in Long Blades
 11394 | D:11     | Noticed a deep elf pyromancer
 11406 | D:11     | Killed a deep elf pyromancer
 11417 | D:11     | Found a sparkling altar of Nemelex Xobeh.
 11417 | D:11     | Noticed Jessica
 11420 | D:11     | Killed Jessica
 11458 | D:11     | Noticed a manticore
 11489 | D:11     | Killed a manticore
 11524 | D:11     | Found a staircase to the Orcish Mines.
 11650 | D:11     | Reached skill level 9 in Invocations
 11663 | D:11     | Reached skill level 3 in Dodging
 11914 | D:11     | Reached XP level 12. HP: 49/97 MP: 18/18
 12393 | D:12     | Identified a scroll of acquirement
 12393 | D:12     | Acquired a manual of Long Blades
 12425 | Lair:1   | Entered Level 1 of the Lair of Beasts
 12458 | D:11     | Reached skill level 4 in Dodging
 12462 | D:11     | Gained mutation: Your natural rate of healing is unusually
                  | fast. [hidden potential]
 12462 | D:11     | Lost mutation: You have hidden genetic potential. [hidden
                  | potential expressed]
 12498 | Lair:1   | Reached ***** piety under Elyvilon
 12508 | Lair:1   | Reached skill level 12 in Long Blades
 12511 | Lair:1   | Reached skill level 10 in Invocations
 12580 | Lair:1   | Reached skill level 13 in Long Blades
 12706 | Lair:1   | Reached skill level 14 in Long Blades
 13049 | Lair:1   | Identified the ring of Heczus {Ice rPois rCorr Str+2
                  | Slay+3}
 13235 | Lair:2   | Reached skill level 15 in Long Blades
 13345 | Lair:2   | Reached skill level 16 in Long Blades
 13368 | Lair:2   | Noticed an eight-headed hydra
 13437 | Lair:2   | Killed a four-headed hydra
 13592 | Lair:2   | Reached XP level 13. HP: 103/103 MP: 20/20
 13615 | Lair:2   | Reached skill level 17 in Long Blades
 13984 | Lair:2   | Found a staircase to the Swamp.
 14420 | Lair:3   | Reached ****** piety under Elyvilon
 14528 | Lair:3   | Found a hole to the Spider Nest.
 14546 | Lair:3   | Reached skill level 18 in Long Blades
 15312 | Lair:4   | Noticed a seven-headed hydra
 15322 | Lair:4   | Killed a three-headed hydra
 15394 | Lair:4   | Identified the +0 chain mail of Dishonour {rPois Regen+}
 15559 | Lair:4   | Noticed a catoblepas
 15580 | Lair:4   | Killed a catoblepas
 16290 | Lair:5   | Entered Level 5 of the Lair of Beasts
 16340 | Lair:5   | Reached skill level 5 in Dodging
 16525 | Lair:5   | Reached XP level 14. HP: 111/111 MP: 21/21
 16532 | Lair:5   | Reached skill level 19 in Long Blades
 16552 | Lair:5   | Reached skill level 11 in Fighting
 16701 | Lair:5   | Reached skill level 6 in Dodging
 16936 | Lair:5   | Reached skill level 12 in Fighting
 16970 | Lair:5   | Reached skill level 7 in Dodging
 17246 | Lair:5   | Found a staircase to the Slime Pits.
 17523 | Lair:5   | Found the +3 pair of gauntlets of War {Slay+5}
 17717 | D:12     | Noticed Lodul
 17874 | D:12     | Killed Lodul
 18013 | D:12     | Identified the +2 pair of gloves of Virtue {rElec rC+
                  | Str+2}
 18322 | D:12     | Reached XP level 15. HP: 104/122 MP: 22/22
 18353 | D:12     | Reached skill level 8 in Dodging
 18538 | D:12     | Reached skill level 13 in Fighting
 18539 | D:12     | Noticed Frances
 18549 | D:12     | Killed Frances
 18717 | Orc:1    | Entered Level 1 of the Orcish Mines
 18891 | Orc:2    | Entered Level 2 of the Orcish Mines
 18946 | Orc:1    | Noticed an orc warlord
 19097 | Orc:2    | Found a staircase to the Elven Halls.
 19167 | Orc:2    | Found a roughly hewn altar of Beogh.
 19386 | Orc:2    | Reached skill level 9 in Dodging
 19421 | Orc:2    | Noticed an orc warlord
 19445 | Orc:2    | Killed an orc warlord
 19446 | Orc:2    | Reached skill level 14 in Fighting
 19451 | Orc:2    | Noticed Nergalle
 19455 | Orc:2    | Killed Nergalle
 19502 | Orc:2    | Found a roughly hewn altar of Beogh.
 19505 | Orc:2    | Found Loso's Antique Weapon Shop.
 19541 | Orc:2    | Found Ykhob's Book Shop.
 19557 | Orc:2    | Found Ohubus's General Store.
 19566 | Orc:2    | Bought a scroll of identify for 26 gold pieces
 19588 | Orc:2    | Noticed Sonja
 19590 | Orc:2    | Sonja changed into Sonja the crocodile
 19590 | Orc:2    | Noticed Sonja
 19596 | Orc:2    | Killed Sonja the crocodile
 19723 | Orc:2    | Found Ceseh's Antique Armour Shop.
 19730 | Orc:2    | Bought a glowing kite shield for 195 gold pieces
 19903 | Orc:1    | Killed an orc warlord
 19904 | Orc:1    | Reached skill level 1 in Shields
 20245 | D:13     | Reached skill level 2 in Shields
 20310 | D:13     | Reached skill level 10 in Dodging
 20366 | D:13     | Reached skill level 3 in Shields
 20449 | D:13     | Reached skill level 4 in Shields
 20483 | D:13     | Reached skill level 5 in Shields
 20526 | D:13     | Reached skill level 15 in Fighting
 20551 | D:13     | Identified the +1 plate armour of Life {-Tele Str-2 Slay+4
                  | SInv}
 20736 | D:13     | Reached XP level 16. HP: 111/136 MP: 23/23
 20770 | D:13     | Found a gate to the Vaults.
 20934 | D:14     | Reached skill level 6 in Shields
 21100 | D:14     | Got the Volume of the Anticline
 21164 | D:14     | Reached skill level 7 in Shields
 21557 | D:14     | Reached skill level 8 in Shields
 21666 | D:15     | Entered Level 15 of the Dungeon
 21669 | D:15     | Noticed Nessos
 21704 | D:15     | Killed Nessos
 21985 | D:15     | Found a bloodstained altar of Trog.
 22114 | D:15     | Reached skill level 9 in Shields
 22115 | D:15     | Reached skill level 16 in Fighting
 22293 | D:15     | Noticed Azrael
 22320 | D:15     | Killed Azrael
 22456 | D:15     | Found Daotoschy's Armour Boutique.
 22748 | D:15     | Reached skill level 10 in Shields
 22751 | D:15     | Found a staircase to the Depths.
 23061 | Spider:1 | Entered Level 1 of the Spider Nest
 23383 | Spider:1 | Reached skill level 5 in Armour
 23543 | Spider:1 | Reached XP level 17. HP: 116/146 MP: 24/24
 23572 | Spider:1 | Reached skill level 11 in Shields
 23653 | Spider:1 | Reached skill level 11 in Invocations
 23791 | Spider:1 | Reached skill level 6 in Armour
 24720 | Spider:2 | Reached skill level 17 in Fighting
 25178 | Spider:2 | Reached skill level 12 in Shields
 25204 | Spider:2 | Reached skill level 7 in Armour
 25344 | Spider:2 | Found a runed translucent door.
 25558 | Spider:2 | Reached skill level 12 in Invocations
 25863 | Spider:3 | Reached skill level 8 in Armour
 26062 | Spider:3 | Reached XP level 18. HP: 132/156 MP: 27/27
 26128 | Spider:3 | Reached skill level 13 in Shields
 26329 | Spider:3 | Found a runed translucent gate.
 26329 | Spider:3 | Found a runed translucent gate.
 26330 | Spider:3 | Found a runed translucent gate.
 26335 | Spider:3 | Noticed Necromancer21's ghost (adept CoGl)
 26390 | Spider:3 | Killed Necromancer21's ghost
 26420 | Spider:3 | Identified the amulet of Emaupuimpe {Faith rF+ Will++}
 26953 | Spider:4 | Entered Level 4 of the Spider Nest
 27134 | Spider:4 | Found a transporter.
 27135 | Spider:4 | Noticed SkaryMonk's ghost (adept CoGl)
 27151 | Spider:4 | Reached skill level 13 in Invocations
 27270 | Spider:4 | Found a transporter.
 27338 | Spider:4 | Reached skill level 18 in Fighting
 27338 | Spider:4 | Reached skill level 9 in Armour
 27969 | Spider:4 | Reached skill level 14 in Shields
 27971 | Spider:4 | Killed SkaryMonk's ghost
 27973 | Spider:4 | Identified the +1 pair of boots of Wonderful Birdsong {rF-
                  | rN++ Regen+}
 28668 | Spider:4 | Reached skill level 10 in Armour
 28945 | Spider:4 | Got a gossamer rune of Zot
 29004 | Spider:4 | Reached skill level 14 in Invocations
 29329 | Swamp:1  | Entered Level 1 of the Swamp
 29349 | Swamp:1  | Reached XP level 19. HP: 138/164 MP: 29/29
 29829 | Swamp:1  | Reached skill level 15 in Shields
 30552 | Swamp:2  | Reached skill level 11 in Armour
 30970 | Swamp:3  | Reached skill level 19 in Fighting
 31450 | Swamp:4  | Entered Level 4 of the Swamp
 31613 | Swamp:4  | Noticed Louise
 31617 | Swamp:4  | Reached skill level 15 in Invocations
 31636 | Swamp:4  | Killed Louise
 32121 | Swamp:4  | Reached skill level 16 in Shields
 32172 | Swamp:4  | Noticed Mara
 32186 | Swamp:3  | Noticed EnegeticOcto's illusion
 32491 | Swamp:4  | Reached XP level 20. HP: 166/174 MP: 31/31
 32494 | Swamp:4  | Reached skill level 12 in Armour
 32603 | Swamp:4  | Got a decaying rune of Zot
 32941 | Elf:1    | Entered Level 1 of the Elven Halls
 32941 | Elf:1    | Noticed Agnes
 32953 | Orc:2    | Killed Agnes
 33429 | Elf:1    | Reached skill level 16 in Invocations
 33551 | Elf:1    | Reached skill level 17 in Shields
 34352 | Elf:2    | Reached skill level 20 in Fighting
 34373 | Elf:2    | Reached skill level 13 in Armour
 34432 | Elf:2    | Found a runed translucent gate.
 34526 | Elf:2    | Noticed Roxanne
 34569 | Elf:2    | Found a runed translucent gate.
 34571 | Elf:2    | Found a runed translucent gate.
 34745 | Elf:1    | Found a shimmering blue altar of Sif Muna.
 35034 | Elf:2    | Reached XP level 21. HP: 177/183 MP: 33/33
 35230 | Elf:2    | Reached skill level 18 in Shields
 35354 | Elf:3    | Entered Level 3 of the Elven Halls
 35354 | Elf:3    | Found Aggikk's Book Boutique.
 35358 | Elf:3    | Reached skill level 17 in Invocations
 35455 | Elf:3    | Found Plog's Magic Scroll Shoppe.
 35558 | Elf:3    | Got the Parchment of the Chill
 35776 | Elf:3    | Found Ireof's General Store.
 35780 | Elf:3    | Bought a scroll of enchant armour for 105 gold pieces
 35895 | Elf:3    | Found Xuig Leugh's Jewellery Boutique.
 36088 | Elf:3    | Found Utobrah's Magic Scroll Shoppe.
 36096 | Elf:3    | Bought a scroll of silence for 190 gold pieces
 36096 | Elf:3    | Bought a scroll of fog for 80 gold pieces
 36298 | Elf:3    | Reached skill level 20 in Long Blades
 36298 | Elf:3    | Reached skill level 14 in Armour
 36505 | Elf:3    | Identified the ring "Ecoh" {Int+6 Dex+3}
 36565 | Elf:3    | Identified the +11 war axe "Diwkufaz" {freeze, rCorr
                  | Stlth+}
 36735 | Elf:3    | Identified the +3 morningstar of False Accusations {freeze,
                  | Fly Int+2}
 37565 | Elf:3    | Identified the ring "Tusivil" {rPois rF+ rN+ Dex+5}
 37706 | Elf:3    | Identified the +7 shortbow "Zuhul" {antimagic, Dex+4}
 37721 | Elf:3    | Identified the staff of the Many Wonders {rElec rPois rC+
                  | MP+9 SInv Ice}
 37792 | Elf:3    | Got Asmodeus's Book of Combustion
 37825 | Elf:3    | Identified the staff "Atuiwaps" {rPois Dex-2 SInv Earth}
 38109 | Vaults:1 | Entered Level 1 of the Vaults
 38129 | Vaults:1 | Found Xaluarob's Assorted Antiques.
 38461 | Vaults:1 | Reached skill level 19 in Shields
 38632 | Vaults:1 | Reached skill level 18 in Invocations
 38910 | Vaults:1 | Reached XP level 22. HP: 190/190 MP: 35/35
 38978 | Vaults:1 | Reached skill level 15 in Armour
 39255 | Vaults:1 | Reached skill level 5 in Evocations
 39716 | Vaults:2 | Identified the +4 robe "Faoqupp" {rC++ Str+3 SInv}
 39716 | Vaults:2 | Noticed Boris
 39726 | Vaults:2 | Killed Boris
 39917 | Vaults:2 | Noticed Jory
 39942 | Vaults:2 | Killed Jory
 40104 | Vaults:2 | Reached skill level 6 in Evocations
 40336 | Vaults:2 | Found a staircase to the Crypt.
 40663 | Vaults:3 | Identified the amulet of Salvation {RegenMP rN+}
 40750 | Vaults:3 | Reached skill level 20 in Shields
 41020 | Vaults:3 | Found a magical portal.
 41027 | WizLab   | Entered Tukima's Studio
 41045 | WizLab   | Reached skill level 21 in Long Blades
 41057 | WizLab   | Reached skill level 7 in Evocations
 41341 | WizLab   | Reached skill level 19 in Invocations
 41609 | WizLab   | Noticed EnegeticOcto's illusion
 41627 | WizLab   | Noticed EnegeticOcto's illusion
 41628 | WizLab   | Reached XP level 23. HP: 196/196 MP: 36/36
 41634 | WizLab   | Got the Incunable of Terra Firma and Unholy Spells
 41636 | WizLab   | Got the Almanac of Plasticity
 41867 | Vaults:3 | Reached skill level 16 in Armour
 42487 | Vaults:4 | Found Muition's Jewellery Emporium.
 42538 | Vaults:4 | Reached skill level 8 in Evocations
 43815 | Depths:1 | Entered Level 1 of the Depths
 43933 | Depths:1 | Reached skill level 20 in Invocations
 43997 | Depths:1 | Found a gateway to Hell.
 44001 | Depths:1 | Reached skill level 17 in Armour
 44074 | Depths:1 | Identified the +3 robe "Cietsus" {rC+ Will+ Slay+3}
 44074 | Depths:1 | Noticed Boris
 44092 | D:15     | Killed Boris
 44209 | Depths:1 | Found a one-way gateway to a ziggurat.
 44214 | Depths:1 | Found Jatrigil's Magic Scroll Shop.
 44222 | Depths:1 | Bought a scroll of enchant weapon for 172 gold pieces
 44222 | Depths:1 | Bought 2 scrolls of enchant weapon for 345 gold pieces
 44222 | Depths:1 | Bought a scroll of revelation for 172 gold pieces
 44629 | Depths:1 | Reached XP level 24. HP: 204/204 MP: 37/37
 44635 | Depths:1 | Identified the +0 pair of boots of Pumoulatz {Harm ^Drain
                  | Fly Dex+3}
 44732 | Depths:2 | Reached skill level 22 in Long Blades
 44757 | Depths:2 | Found Bizeal's Magic Scroll Emporium.
 44757 | Depths:2 | Found Xoastotou's Distillery.
 44771 | Depths:2 | Bought a potion of heal wounds for 100 gold pieces
 44771 | Depths:2 | Bought a potion of curing for 60 gold pieces
 44771 | Depths:2 | Bought a potion of heal wounds for 100 gold pieces
 44771 | Depths:2 | Bought a potion of might for 80 gold pieces
 44771 | Depths:2 | Bought a potion of might for 80 gold pieces
 44889 | Depths:2 | Found an opulent altar of Gozag.
 45379 | Depths:2 | Found a one-way gate leading to the halls of Pandemonium.
 45563 | Depths:2 | Reached skill level 21 in Invocations
 45566 | Depths:2 | Reached skill level 18 in Armour
 45568 | Depths:2 | Noticed a golden dragon
 45579 | Depths:2 | Killed a golden dragon
 45782 | Depths:3 | Found Sarish's General Store.
 45803 | Depths:3 | Bought a scroll of enchant armour for 105 gold pieces
 45803 | Depths:3 | Bought the +7 scale mail "Fuagoic" {Regen+ Int-3 Dex+5} for
                  | 702 gold pieces
 46613 | Depths:3 | Found an ancient bone altar of Kikubaaqudgha.
 46625 | Depths:3 | Reached XP level 25. HP: 178/210 MP: 37/37
 46653 | Depths:3 | Got the Anthology of Seismic Formulae
 46681 | Depths:3 | Found an iron altar of Okawaru.
 47015 | Depths:3 | Found a one-way gate to the infinite horrors of the Abyss.
 47146 | Depths:4 | Entered Level 4 of the Depths
 47184 | Depths:4 | Reached skill level 19 in Armour
 47215 | Depths:4 | Noticed Grunn
 47230 | Depths:4 | Killed Grunn
 47231 | Depths:4 | Reached skill level 23 in Long Blades
 47231 | Depths:4 | Reached skill level 22 in Invocations
 47265 | Depths:4 | Found Big Baal Hell's Store.
 47375 | Depths:4 | Bought the +7 tower shield "Esmib" {rElec} for 3531 gold
                  | pieces
 47548 | Depths:4 | Noticed Vv
 47563 | Depths:4 | Killed Vv
 47573 | Depths:4 | Identified the +4 robe of Ockin {^Drain +Inv Stlth+
                  | Archmagi}
 47573 | Depths:4 | Noticed Boris
 47578 | Depths:4 | Found a gate to the Realm of Zot.
 47584 | Depths:4 | Killed Boris
 47691 | Depths:4 | Found a broken altar of Ashenzari.
 48154 | Crypt:1  | Entered Level 1 of the Crypt
 48331 | Crypt:1  | Reached skill level 11 in Dodging
 48468 | Crypt:1  | Got Performing Successful Spellcasting
 49263 | Crypt:2  | Identified the +10 broad axe of the Final Decision {flame,
                  | rC+ Dex+4}
 49271 | Crypt:2  | Acquired 1027 gold pieces
 49272 | Crypt:2  | Acquired 360 gold pieces
 49340 | Crypt:2  | Reached skill level 23 in Invocations
 49445 | Crypt:3  | Entered Level 3 of the Crypt
 49628 | Crypt:3  | Reached XP level 26. HP: 218/218 MP: 38/38
 49653 | Crypt:3  | Reached skill level 12 in Dodging
 49716 | Crypt:3  | Found an ancient bone altar of Kikubaaqudgha.
 49952 | Crypt:3  | Found the +5 scythe "Finisher" {speed, execute}
 50222 | Crypt:3  | Identified the +5 long sword "Osmuvu" {distort, rC++ Int+4}
 50340 | Crypt:3  | Noticed a dread lich
 50344 | Crypt:3  | Killed a dread lich
 50499 | Crypt:3  | Found a staircase to the Tomb.
 50625 | Crypt:3  | Identified the +5 scale mail "Uhimugeu" {Int+5 Dex+4}
 50685 | Crypt:3  | Reached skill level 13 in Dodging
 51042 | Orc:2    | Bought a potion of resistance for 130 gold pieces
 51489 | Vaults:5 | Entered Level 5 of the Vaults
 51620 | Vaults:5 | Reached skill level 24 in Invocations
 51645 | Vaults:5 | Got the Almanac of Illusory Frostbite
 51691 | Vaults:5 | Noticed an ancient lich
 51709 | Vaults:5 | Killed an ancient lich
 51733 | Vaults:5 | Identified the +0 buckler of Fallacy {rC+}
 51743 | Vaults:5 | Identified the +0 chain mail "Puerph" {Rampage rC++ Str-2
                  | Dex+4}
 52143 | Vaults:5 | Got Petenyr's Directory of Grit and Points
 52338 | Vaults:5 | Reached skill level 21 in Shields
 52486 | Vaults:5 | Reached XP level 27. HP: 226/226 MP: 39/39
 52531 | Vaults:5 | Reached skill level 14 in Dodging
 52686 | Vaults:5 | Identified the +9 morningstar "Hellblazer" {freeze, Dex+4}
 52694 | Vaults:5 | Identified the +0 long sword of Wyrd {pain, ^Drain rC+ rN+
                  | Str+2}
 52743 | Vaults:5 | Identified the +1 ice dragon scales of Mezcal {rF- rC++ rN+
                  | Dex+3}
 52751 | Vaults:5 | Reached skill level 21 in Fighting
 52888 | Vaults:5 | Identified the +1 pair of gloves of Dim Light {rElec Will+}
 53440 | Vaults:5 | Identified the staff "Riorphisu" {rPois rF+ Dex-4 Ice
                  | Alchemy}
 53573 | Vaults:5 | Got a silver rune of Zot
 53599 | Vaults:5 | Reached skill level 22 in Shields
 53658 | Vaults:5 | Identified the +0 scale mail of the Sky {Int+4 Dex+3}
 54112 | Zot:1    | Entered Level 1 of the Realm of Zot
 54207 | Zot:1    | Reached skill level 15 in Dodging
 54470 | Zot:1    | Reached skill level 22 in Fighting
 54960 | Zot:2    | Reached skill level 23 in Shields
 55400 | Zot:2    | Noticed Parghit
 55483 | Zot:1    | Parghit changed into Parghit the juggernaut
 55483 | Zot:1    | Noticed Parghit
 55491 | Zot:1    | Killed Parghit the juggernaut
 55600 | Zot:2    | Found a stormy altar of Qazlal.
 55618 | Zot:2    | Reached skill level 16 in Dodging
 56343 | Zot:3    | Reached skill level 23 in Fighting
 56343 | Zot:3    | Reached skill level 24 in Shields
 57280 | Zot:4    | Reached skill level 9 in Evocations
 57403 | Zot:4    | Reached skill level 17 in Dodging
 57514 | Zot:4    | Noticed an orb of fire
 57514 | Zot:4    | Gained mutation: Your magical capacity is low. (-10% MP)
                  | [an orb of fire]
 57523 | Zot:4    | Gained mutation: You occasionally lose the ability to drink
                  | potions when taking damage. [an orb of fire]
 57525 | Zot:4    | Killed an orb of fire
 57882 | Zot:4    | Reached skill level 10 in Evocations
 58272 | Zot:5    | Entered Level 5 of the Realm of Zot
 58765 | Zot:5    | Reached skill level 24 in Fighting
 59132 | Zot:5    | Identified the +2 cloak "Amammaty" {Int+6}
 59140 | Zot:5    | Noticed an ancient lich
 59151 | Zot:5    | Killed an ancient lich
 59766 | Zot:5    | Noticed an ancient lich
 59768 | Zot:5    | Noticed an orb of fire
 59769 | Zot:5    | Reached skill level 11 in Evocations
 59780 | Zot:5    | Killed an ancient lich
 59785 | Zot:5    | Killed an orb of fire
 59804 | Zot:5    | Noticed a Killer Klown
 59826 | Zot:5    | Killed a Killer Klown
 59833 | Zot:5    | Noticed a dread lich
 59850 | Zot:5    | Killed a dread lich
 59850 | Zot:5    | Noticed a dread lich
 59851 | Zot:5    | Reached skill level 18 in Dodging
 59852 | Zot:5    | Noticed a dread lich
 59856 | Zot:5    | Noticed a dread lich
 59859 | Zot:5    | Killed a dread lich
 59860 | Zot:5    | Reached skill level 12 in Evocations
 59861 | Zot:5    | Noticed a dread lich
 59863 | Zot:5    | Pacified a dread lich
 59865 | Zot:5    | Pacified a dread lich
 59866 | Zot:5    | Pacified a dread lich
 60181 | Zot:5    | Reached skill level 13 in Evocations
 60185 | Zot:5    | Noticed an orb of fire
 60193 | Zot:5    | Gained mutation: Potions are less effective at restoring
                  | your health. [an orb of fire]
 60194 | Zot:5    | Gained mutation: You occasionally shout uncontrollably at
                  | your foes. [an orb of fire]
 60196 | Zot:5    | Killed an orb of fire
 60205 | Zot:5    | Noticed a dread lich
 60216 | Zot:5    | Killed a dread lich
 60239 | Zot:5    | Noticed an orb of fire
 60241 | Zot:5    | Gained mutation: You are frail. (-10% HP) [an orb of fire]
 60249 | Zot:5    | Killed an orb of fire
 60628 | Zot:5    | Noticed an orb of fire
 60630 | Zot:5    | Gained mutation: Your magical capacity is very low. (-20%
                  | MP) [an orb of fire]
 60639 | Zot:5    | Killed an orb of fire
 60645 | Zot:5    | Noticed a Killer Klown
 60654 | Zot:5    | Killed a Killer Klown
 60903 | Zot:5    | Got the Orb of Zot
 60904 | Zot:5    | Noticed Xounliw the pandemonium lord
 60958 | Zot:5    | Killed Xounliw the pandemonium lord
 60959 | Zot:5    | Reached skill level 14 in Evocations
 60965 | Zot:5    | Reached skill level 19 in Dodging
 60976 | Zot:5    | Noticed Arif the pandemonium lord
 60977 | Zot:5    | Noticed an ancient lich
 61368 | D:8      | Noticed Qarizog the pandemonium lord
 61525 | D:2      | Noticed an ancient lich
 61543 | D:$      | Escaped with the Orb!

Illustrated notes

Levels and vault maps discovered:
D:1:      scummos_arrival_star, layout_loops_ring, kennysheep_boxes
D:2:      layout_loops_ring, uniq_terence
D:3:      layout_rooms, lemuel_doored_altar, palyth_stone_intersect,
          nicolae_grassy_gnolls
D:4:      minmay_chambers_of_threes, layout_loops_ring,
          minmay_temple_entry_wispy, uniq_ijyb
D:5:      cheibrodos_fzero, layout_basic, kennysheep_orc_sif_temple,
          serial_shops, nicolae_shop_competitors_out_of_business, uniq_eustachio
D:6:      layout_loops_ring, serial_library_hellmonk_room_c, uniq_grinder,
          uniq_prince_ribbit1
D:7:      layout_basic
D:8:      layout_rooms, grunt_temple_overflow_forces_of_nature,
          mainiacjoe_overflow_alcove_2
D:9:      layout_grid_maze
D:10:     layout_rooms
D:11:     layout_basic, erik_lair_orcish_takeover, zombieorc2_lemuel,
          nemelex_lonely_heart_becter
D:12:     layout_long_grid, gauntlet_entry_generic, kennysheep_generic_room_11,
          uniq_lodul, uniq_frances
D:13:     layout_cave_pools, david_vaults_4, minmay_pinched_square
D:14:     layout_gridville, hangedman_decor_diamond_cutter
D:15:     gammafunk_enter_depths_forms, layout_basic, serial_shops,
          nicolae_shop_advertising_works [nicolae_subvault_shop_adworks],
          trog_three_pillars_becter, uniq_azrael, uniq_nessos
Temple:   bh_familiar_temple
Lair:1:   layout_loops_ring
Lair:2:   layout_gridlike, minmay_swamp_entry_worms
Lair:3:   layout_regular_city, spider_nest_entry_web_field, st_stairs_6,
          pdpol_lair_cavern_descent, lemuel_fruit_fields
Lair:4:   layout_small_grid, serial_bayou, serial_bayou_crossing,
          serial_bayou_shore_a, serial_bayou_ford_a, serial_bayou_lake_a
Lair:5:   gammafunk_lair_ancient_temple, layout_regular_city,
          minmay_slime_entry_pillars, serial_bayou_shore_b
Swamp:1:  layout_basic_swamp, hangedman_swamp_lotus
Swamp:2:  layout_falls_marsh, nicolae_swamp_stuck_in_the_mud
Swamp:3:  layout_basic_swamp, nicolae_swamp_stair_fork, swamp_pool_1_2,
          nicolae_swamp_fairy_circle
Swamp:4:  grunt_swamp_rune_castle, layout_basic_swamp,
          infiniplex_staircase_pool, uniq_mara, uniq_louise
Spider:1: layout_chambers, worms_lemuel, hangedman_spider_tarantella_strand
Spider:2: cheibrodos_spider_deadly_dance, drop_trap
Spider:3: layout_spider_delve, gammafunk_ghost_necromancy
Spider:4: grunt_spider_rune_parallel, gammafunk_ghost_berserking_beasts,
          drop_trap, nicolae_spider_nooks_and_crannies
Orc:1:    layout_caves
Orc:2:    grunt_orc_cross, layout_caves, basic_altar, uniq_sonja
Elf:1:    nicolae_elf_arrival_no_cutting_in_line, layout_loops_corners,
          nicolae_elf_blasts_and_bolts, lemuel_upstairs_altar, uniq_agnes
Elf:2:    elven_hall_of_blades_hangedman_original
          [nicolae_blade_entry_diamond_columns], layout_rooms, uniq_roxanne
Elf:3:    minmay_elf_hall_furrowed, layout_onion_city, serial_shops, shop,
          nicolae_shop_hallway_stairs, nicolae_shop_tiny_real_fake_doors,
          nicolae_shop_gaudy_bauble, shop
Vaults:1: nicolae_vaults_trapezoid_2, vaults_room_pool,
          nicolae_vaults_variable_pillar_hall, nicolae_vaults_big_ls,
          ontoclasm_vaults_ligature, v_rooms_3,
          vaults_mumra_minichess_inversion, nicolae_vaults_variable_pillar_hall,
          nicolae_vaults_wine_cellar, nicolae_vaults_lightning_bolt,
          nicolae_vaults_trapezoid_2, vaults_room_door_hall,
          nicolae_vaults_diamond_2, layout_vaults_omnigrid, serial_shops,
          nicolae_shop_trees, serial_glass
Vaults:2: v_misc_26, v_misc_19, minmay_crypt_entry_simple_box,
          nicolae_vaults_tetromino_L_2, ontoclasm_vaults_tryst,
          vaults_room_corners, hangedman_vaults_slice, hangedman_vaults_stream,
          layout_vaults_omnibox, uniq_boris, uniq_jory
Vaults:3: mu_enter_wizlab_1, v_rooms_1, nicolae_vaults_wrenched,
          nicolae_vaults_heist, nicolae_vaults_closet_pinwheel_3,
          vaults_room_pool, ontoclasm_vaults_gateway, layout_vaults_big_room
Vaults:4: vaults_room_grid, nicolae_vaults_trapezoid_3, v_pattern_4,
          hangedman_vaults_pinch, hangedman_vaults_corner,
          nicolae_vaults_tangram_2, nicolae_vaults_quadrants,
          nicolae_vaults_alarming, v_misc_10, vaults_dpeg_hooks, v_misc_23,
          vaults_room_stairs_pillars, ontoclasm_vaults_ring_square,
          hangedman_vaults_corner_blocks, nicolae_vaults_diagonal_hallway_7,
          minmay_orc_keep, vaults_room_stairs_pillars, layout_vaults_maze_bifur,
          serial_shops, nicolae_shop_rolling_square
Vaults:5
Crypt:1:  layout_basic, grunt_crypt_arrival_split, grunt_megastairs_4
Crypt:2:  layout_rooms
Crypt:3:  church_of_pain_bobbens, layout_chaotic_city, tomb_entry_simple_bobbens
Depths:1: layout_big_octagon, enter_ziggurat_a, hellmouth_3, serial_shops, shop,
          hangedman_decor_growths, kennysheep_inner_square
Depths:2: evilmike_lava_path, layout_small_grid, grunt_gozag_statues,
          hell_entry, grunt_pan_entry_in_and_out, nicolae_figureground_sparkle,
          minmay_shoptagon, infiniplex_staircase_pool_2
Depths:3: lemuel_vampire_tower, layout_gridville, pf_hell_entry_tar_river,
          nicolae_abyss_entry_one_way_or_another, serial_shops,
          nicolae_diamond_shop, okawaru_trees_1
Depths:4: evilmike_zot_entry_argh, layout_cave_pools,
          nicolae_hell_entry_big_baal_hell,
          serial_library_regret_index_split_case, cheibrodos_ashenzari_chains,
          uniq_vv, uniq_grunn
Zot:1:    layout_misc_corridors
Zot:2:    lemuel_acid_trip, layout_onion_interference,
          regret_index_zotdec_storm_pass, uniq_parghit
Zot:3:    layout_misc_corridors
Zot:4:    grunt_deathspiral_small, layout_onion_interference
Zot:5:    layout_misc_corridors, st_stairs_7

Skill      XL: |  1  2  3  4  5  6  7  8  9 10 11 12 13 14 15 16 17 18 19 20 21 22 23 24 25 26 27 |
---------------+----------------------------------------------------------------------------------+-----
Stealth        | 5 |  5.0
Fighting       | 3 4 5 6 8 10 12 15 16 17 18 19 20 24 | 24.0
Short Blades   | 3 4 |  4.5
Long Blades    | 1 3 5 8 9 11 16 18 19 20 21 22 23 | 23.8
Armour         | 2 4 5 8 10 11 13 14 15 17 18 19 | 19.0
Invocations    | 5 9 10 12 14 15 16 18 19 20 21 23 24 | 24.0
Evocations     | 4 7 8 14 | 14.0
Dodging        | 3 4 5 7 10 11 13 19 | 19.2
Shields        | 5 10 12 14 16 17 19 20 21 24 | 24.0
Throwing       | |  2.0

Action                     |  1- 3 |  4- 6 |  7- 9 | 10-12 | 13-15 | 16-18 | 19-21 | 22-24 | 25-27 || total
---------------------------+-------+-------+-------+-------+-------+-------+-------+-------+-------++-------
  Melee: Short sword       |    93 |   140 |   372 |   707 |       |       |       |       |       ||  1312
         Dagger            |       |       |    12 |       |       |       |       |       |       ||    12
         Great sword       |       |       |       |   212 |   956 |  1127 |  1200 |       |       ||  3495
         Triple sword      |       |       |       |       |       |       |    13 |  1572 |  2830 ||  4415
  Throw: Dart              |    15 |     8 |    10 |     6 |    10 |     1 |       |       |       ||    50
 Invoke: Heal Self         |       |       |       |     4 |     4 |    12 |    13 |     5 |    10 ||    48
         Heal Other        |       |       |       |       |     4 |       |       |       |     4 ||     8
         Purification      |       |       |       |       |       |     4 |     2 |     1 |       ||     7
         Divine Vigour     |       |       |       |       |       |     2 |       |     1 |     2 ||     5
Ability: Dig               |       |       |       |     2 |     4 |     7 |     7 |     4 |     2 ||    26
  Evoke: Wand              |       |       |     8 |       |     8 |     5 |     2 |       |    22 ||    45
         Phantom mirror    |       |       |       |       |       |       |       |       |     2 ||     2
    Use: Scroll            |     3 |     3 |     3 |    11 |     7 |     5 |     9 |     3 |    14 ||    58
         Potion            |     2 |     2 |       |     3 |       |     5 |       |     3 |    10 ||    25
   Stab: Sleeping          |     5 |    10 |     1 |     8 |     4 |     2 |       |       |     3 ||    33
         Distracted        |       |       |     1 |       |     2 |     2 |       |     1 |     4 ||    10
         Invisible         |       |       |       |       |       |    17 |       |       |     4 ||    21
 Armour: Robe              |    45 |     2 |       |       |       |       |       |       |       ||    47
         Ring mail         |       |    59 |   209 |   573 |   554 |   395 |       |       |       ||  1790
         Acid dragon scale |       |       |       |    14 |       |       |       |       |       ||    14
         Plate armour      |       |       |       |       |       |   245 |   766 |   439 |       ||  1450
         Scale mail        |       |       |       |       |       |       |       |   150 |   556 ||   706
         Skin              |       |       |       |       |       |       |       |       |     3 ||     3
  Dodge: Dodged            |    47 |    53 |   126 |   388 |   545 |   467 |   310 |   498 |   785 ||  3219
  Block: Kite shield       |       |       |       |       |    74 |   783 |   161 |       |       ||  1018
         Reflection        |       |       |       |       |    14 |     4 |    15 |       |       ||    33
         Tower shield      |       |       |       |       |       |       |   916 |  1787 |  3219 ||  5922

Table legend: (Time is in decaauts)
 A = Elapsed time spent in this place.
 B = Non-inter-level travel time spent in this place.
 C = Inter-level travel time spent in this place.
 D = Time resting spent in this place.
 E = Time spent auto-exploring this place.
 F = Levels seen in this place.
 G = Mean time per level.
                   A        B        C        D        E       F      G
               +--------+--------+--------+--------+--------+-----+--------+
         Total |  59898 |  55047 |   4851 |   7798 |  29680 |  52 | 1151.9 |
       Dungeon |  17088 |  15360 |   1728 |   2055 |   9194 |  15 | 1139.2 |
        Temple |     73 |     41 |     32 |     31 |      0 |   1 |   73.0 |
          Lair |   5497 |   4989 |    508 |    216 |   3189 |   5 | 1099.4 |
         Swamp |   3598 |   3453 |    145 |    499 |   1885 |   4 |  899.5 |
   Spider Nest |   5730 |   5415 |    315 |    692 |   2986 |   4 | 1432.5 |
  Orcish Mines |   1608 |   1258 |    350 |     86 |    693 |   2 |  804.0 |
   Elven Halls |   5068 |   4645 |    423 |   1047 |   2244 |   3 | 1689.3 |
        Vaults |   7323 |   6718 |    605 |    278 |   3897 |   5 | 1464.6 |
         Crypt |   2596 |   2466 |    130 |     66 |   1433 |   3 |  865.3 |
        Depths |   3940 |   3615 |    325 |    213 |   2019 |   4 |  985.0 |
           Zot |   6698 |   6412 |    286 |   2284 |   2095 |   5 | 1339.6 |
        Wizlab |    674 |    674 |      0 |    329 |     44 |   1 |  674.0 |
               +--------+--------+--------+--------+--------+-----+--------+

Top non-repeatable levels by time:
   Zot:5: 2645 daAuts
   Elf:3: 2581 daAuts
Vaults:5: 2191 daAuts
Spider:4: 2100 daAuts
    D:11: 1895 daAuts
     D:5: 1803 daAuts
    D:15: 1639 daAuts
Spider:1: 1611 daAuts
Vaults:1: 1495 daAuts
   Zot:4: 1476 daAuts
   Elf:1: 1457 daAuts
Vaults:4: 1365 daAuts
Depths:3: 1347 daAuts
     D:9: 1299 daAuts
  Lair:5: 1298 daAuts

Table legend:
 A = Kills in this place as a percentage of kills in the entire game.
 B = Kills by you in this place as a percentage of kills by you in the entire game.
 C = Kills by friends in this place as a percentage of kills by friends in the entire game.
 D = Other kills in this place as a percentage of other kills in the entire game.
 E = Experience gained in this place as a percentage of experience gained in the entire game.
 F = Experience gained in this place divided by the number of levels of this place that you have seen.
                   A       B       C       D       E      F
               +-------+-------+-------+-------+-------+----------------------
         Total | 100.0 | 100.0 | 100.0 | 100.0 | 100.0 | 28800.6
       Dungeon |  18.5 |  18.5 |   0.0 |   0.0 |   5.8 | 5819.1
        Temple |   0.0 |   0.0 |   0.0 |   0.0 |   0.0 |  43.0
          Lair |   7.7 |   7.7 |   0.0 |   0.0 |   3.2 | 9695.0
         Swamp |   5.2 |   5.1 |   0.0 |  40.0 |   5.1 | 19034.5
   Spider Nest |  11.8 |  11.9 |   0.0 |   0.0 |   8.6 | 32144.5
  Orcish Mines |   5.0 |   5.0 |   0.0 |   0.0 |   1.3 | 9613.5
   Elven Halls |   7.4 |   7.3 |   0.0 |  60.0 |   9.1 | 45268.0
        Vaults |  14.8 |  14.9 |   0.0 |   0.0 |  20.4 | 60979.6
         Crypt |   8.1 |   8.2 |   0.0 |   0.0 |   8.1 | 40531.7
        Depths |   9.3 |   9.3 |   0.0 |   0.0 |  13.1 | 49000.5
           Zot |  11.3 |  11.3 | 100.0 |   0.0 |  24.2 | 72585.8
        Wizlab |   0.7 |   0.7 |   0.0 |   0.0 |   1.1 | 16656.0
               +-------+-------+-------+-------+-------+----------------------
